AoeStats
← =74= George

Oasis

508573815Analyzed
4v4 RM · 8d ago on Sep 23, 2026· 73m 0s· 8 players
Game mode
Random Map
Map size
Large (8 player)
Population
200
Speed
Normal
Resources
Standard
Victory
Conquest
Starting age
Dark Age
Ending age
Imperial Age
RankedLock teamsTeams togetherTeam positionsShared explorationLock speedFull tech treeHidden civsTurbo modeCheats
Victory
Defeat
🇺🇸 Danes · United States
1065
+15
🇺🇸 Varangians · United States
1026
+16
🇺🇸 Mongols · United States
985
+18
🇨🇦 Ethiopians · Canada
936
+19
🇺🇸 Maya · United States
1050
-18
🇺🇸 Tatars · United States
1049
-18
🇺🇸 Khmer · United States
1009
-16
🇨🇳 Burgundians · China
1008
-16
007
7:21 Loom
9:35 Feudal Age
10:37 Double-Bit Axe
12:47 Horse Collar
21:46 Castle Age
19:42 Fletching
23:00 Bow Saw
23:08 Heavy Plow
23:45 Bodkin Arrow
25:09 Squires
24:55 Arson
25:41 Gambesons
27:01 Scale Mail Armor
27:38 Forging
27:15 Elite Skirmisher
28:44 Wheelbarrow
29:06 Elite Skirmisher
30:10 Chain Mail Armor
32:46 Hand Cart
33:35 Gold Mining
33:36 Stone Mining
34:26 Iron Casting
33:55 Padded Archer Armor
37:54 Town Watch
41:40 Imperial Age
40:49 Masonry
41:00 Ballistics
40:36 Murder Holes
41:48 Onager
43:35 Bracer
43:54 Siege Engineers
43:15 Siege Onager
44:17 Pikeman
44:59 Halberdier
46:41 Conscription
48:00 Plate Mail Armor
48:31 Blast Furnace
47:16 Northmen's Fury
Synd
5:27 Loom
9:56 Feudal Age
10:27 Double-Bit Axe
14:30 Horse Collar
21:31 Town Watch
24:01 Castle Age
23:20 Gold Mining
23:49 Scale Barding Armor
26:29 Bow Saw
26:45 Forging
28:19 Husbandry
28:41 Fletching
30:19 Padded Archer Armor
29:41 Elite Skirmisher
30:22 Stone Mining
31:13 Thumb Ring
31:55 Bloodlines
32:46 Wheelbarrow
33:25 Chain Barding Armor
34:34 Ballistics
39:51 Hand Cart
39:36 Town Patrol
43:38 Imperial Age
43:24 Pikeman
45:25 Heavy Camel Rider
46:43 Squires
49:03 Scale Mail Armor
49:00 Bodkin Arrow
50:11 Conscription
50:50 Murder Holes
53:55 Light Cavalry
54:50 Nomads
55:15 Drill
55:08 Capped Ram
55:33 Hussar
57:48 Iron Casting
57:32 Chain Mail Armor
57:31 Siege Ram
60:58 Blast Furnace
60:01 Bracer
63:05 Stone Shaft Mining
63:05 Gold Shaft Mining
64:03 Elite Mangudai
72:10 Plate Mail Armor
71:51 Siege Engineers
=74= George
11:01 Feudal Age
9:52 Loom
12:51 Double-Bit Axe
12:48 Horse Collar
18:45 Castle Age
19:35 Thumb Ring
18:52 Crossbowman
24:06 Fletching
26:10 Ballistics
31:13 Wheelbarrow
39:58 Hand Cart
39:29 Town Watch
39:44 Bodkin Arrow
39:50 Padded Archer Armor
41:00 Bow Saw
40:54 Heavy Plow
40:47 Gold Mining
44:13 Royal Heirs
44:37 Squires
45:01 Scale Mail Armor
45:12 Forging
45:18 Leather Archer Armor
45:14 Caravan
48:17 Imperial Age
49:03 Chain Mail Armor
49:23 Iron Casting
48:29 Halberdier
51:49 Arbalester
52:35 Bracer
53:06 Ring Archer Armor
53:36 Blast Furnace
53:07 Plate Mail Armor
53:42 Chemistry
52:41 Murder Holes
58:09 Conscription
57:25 Elite Shotel Warrior
60:53 Masonry
TurboCesar
8:43 Loom
11:00 Feudal Age
12:44 Double-Bit Axe
18:53 Castle Age
18:01 Horse Collar
18:34 Scale Barding Armor
19:56 Bow Saw
22:28 Bloodlines
23:54 Wheelbarrow
26:06 Chain Barding Armor
25:57 Forging
29:05 Husbandry
29:57 Iron Casting
32:33 Hand Cart
33:36 Heavy Plow
35:38 Vendel Legacy
39:55 Imperial Age
40:04 Cavalier
41:22 Plate Barding Armor
41:48 Blast Furnace
41:26 Conscription
43:38 Caravan
54:50 Elite Jarl
63:38 Elite Varangian Guard
64:19 Gambesons
64:35 Squires
64:21 Arson
66:26 Scale Mail Armor
67:27 Gothikon
72:27 Two-Man Saw
KnicksIn5
11:16 Feudal Age
12:59 Loom
13:28 Double-Bit Axe
15:56 Castle Age
13:57 Horse Collar
17:39 Bow Saw
26:10 Wheelbarrow
26:22 Heavy Plow
28:16 Gold Mining
28:19 Stone Mining
28:58 Hand Cart
31:54 Imperial Age
29:42 Husbandry
29:52 Bloodlines
30:24 Scale Barding Armor
31:07 Ballistics
34:04 Crop Rotation
34:15 Conscription
33:16 Elite Ballista Elephant
35:06 Chain Barding Armor
34:53 Siege Engineers
35:49 Chemistry
37:59 Plate Barding Armor
37:46 Double Crossbow
45:34 Light Cavalry
47:26 Hussar
48:35 Fletching
50:08 Bodkin Arrow
52:02 Fortified Wall
65:57 Pikeman
67:00 Halberdier
RecedingWoodLine
7:04 Loom
9:21 Feudal Age
11:40 Town Watch
12:23 Horse Collar
21:54 Fletching
24:07 Castle Age
22:36 Double-Bit Axe
23:27 Padded Archer Armor
26:23 Bodkin Arrow
26:48 Leather Archer Armor
26:46 Bloodlines
31:44 Husbandry
Lo Elo Dummy
0:26 Loom
10:43 Feudal Age
11:15 Double-Bit Axe
13:49 Fletching
20:19 Castle Age
19:36 Horse Collar
20:25 Crossbowman
21:21 Eagle Warrior
22:51 Forging
22:42 Scale Mail Armor
23:39 Crossbowman
26:41 Iron Casting
28:03 Wheelbarrow
28:41 Heavy Plow
30:04 Chain Mail Armor
33:06 Padded Archer Armor
33:02 Bodkin Arrow
33:35 Thumb Ring
圖表大師
9:56 Loom
12:07 Feudal Age
10:58 Double-Bit Axe
13:03 Bow Saw
13:14 Horse Collar
14:30 Heavy Plow
22:06 Castle Age
20:00 Stone Mining
20:16 Gold Mining
22:20 Stone Shaft Mining
22:24 Gold Shaft Mining
22:27 Scale Barding Armor
22:32 Forging
25:18 Chain Barding Armor
26:39 Iron Casting
26:22 Treadmill Crane
26:39 Murder Holes
28:25 Iron Casting
29:43 Husbandry
30:23 Wheelbarrow
29:35 Town Watch
30:22 Ballistics
31:13 Two-Man Saw
30:46 Crop Rotation
31:29 Fletching
34:12 Imperial Age
31:59 Hand Cart
34:13 Town Patrol
34:51 Elite Coustillier
36:10 Plate Barding Armor
36:31 Conscription
37:48 Blast Furnace
42:21 Hoardings
42:58 Bodkin Arrow
45:59 Bracer
51:12 Arson
51:28 Squires
51:33 Scale Mail Armor
51:33 Padded Archer Armor
51:52 Burgundian Vineyards
51:37 Sappers
54:49 Chain Mail Armor
56:04 Plate Mail Armor
67:44 Chemistry
70:18 Masonry
Connection lost

Rejoining the realm…

Still unreachable

The connection could not be restored.

Session expired

The server has moved on; the page needs a fresh start.